Map: 2000 Atmospheres LE

Players

Stephano

  • Race: Zerg Zerg

Hellraiser - Winner!

  • Race: Protoss Protoss

Event: DreamHack SC2 Masters 2021 Winter

VOD

Have the link to the VOD?

Description

Time

  • Played on: Sept. 30, 2021, 10:32 a.m.
  • Length: 16:00

All games in this series

Show
View Real Time Build Order
Export as new Build Order

Stephano Zerg 

Build Orders: Pool First 

Get SALT Encoding   

  12  0:17  Spawning Pool  
  11  0:21  Drone  
  11  0:25  Drone  
  13  0:30  Drone  
  14  0:39  Overlord  
  14  1:04  Zergling x2  
  14  1:05  Zergling x4  
  17  1:16  Zergling x2  
  18  1:23  Hatchery  
  17  1:29  Queen  
  19  1:33  Extractor  
  19  1:36  Drone  
  19  1:40  Drone  
  20  1:48  Drone  
  21  2:01  Drone  
  21  2:11  Drone  
  22  2:18  Extractor  
  22  2:20  Queen, Spore Crawler  
  24  2:31  Hatchery  
  24  2:35  Drone  
  24  2:43  Overlord  
  24  2:49  Drone  
  26  2:51  Drone  
  26  2:55  Drone  
  27  3:03  Metabolic Boost  
  27  3:07  Zergling x2  
  27  3:11  Drone  
  27  3:12  Drone  
  30  3:15  Drone  
  30  3:19  Drone  
  32  3:24  Drone x2  
  34  3:30  Overlord  
  34  3:37  Drone x2  
  36  3:43  Zergling x6  
  36  3:44  Drone  
  36  3:45  Drone  
  41  3:49  Drone x2  
  41  3:54  Drone  
  44  3:57  Queen  
  46  4:03  Spore Crawler  
  46  4:04  Drone  
  46  4:06  Drone x2  
  48  4:10  Drone x2  
  48  4:14  Overlord  
  49  4:26  Overlord  
  49  4:32  Queen x2, Overlord  
  49  4:37  Drone x2  
  49  4:38  Drone x2  
  57  4:50  Zergling x6  
  58  4:53  Drone x2  
  58  4:54  Drone x2  
  58  4:55  Drone x2  
  58  4:57  Zergling x2  
  58  4:58  Zergling x4  
  67  5:01  Extractor  
  67  5:02  Roach Warren  
  67  5:05  Zergling x4  
  67  5:12  Zergling x4  
  68  5:18  Zergling x2  
  67  5:23  Zergling x4  
  67  5:27  Zergling x2  
  62  5:33  Zergling x10  
  63  5:41  Zergling x2  
  63  5:42  Zergling x4  
  59  5:46  Zergling x2  
  59  5:47  Zergling x4  
  58  5:53  Roach x2  
  61  6:00  Drone  
  60  6:06  Roach x3  
  61  6:14  Roach x3  
  66  6:27  Roach x3  
  66  6:32  Zergling x10  
  72  6:42  Overlord x2  
  70  6:51  Overlord  
  70  6:53  Spore Crawler  
  68  6:56  Drone x5  
  73  7:04  Overlord  
  72  7:13  Spore Crawler  
  71  7:17  Lair  
  71  7:18  Overlord  
  70  7:23  Ravager x4  
  70  7:24  Ravager x2  
  70  7:25  Zergling x18  
  81  7:43  Drone x4  
  81  7:44  Drone x5  
  87  7:46  Drone  
  87  7:47  Drone x2  
  87  7:50  Queen  
  94  7:55  Drone x2  
  96  8:03  Queen  
  98  8:09  Overlord  
  98  8:17  Drone x5  
  98  8:18  Drone  
  104  8:26  Queen  
  104  8:30  Queen  
  104  8:31  Glial Reconstitution  
  104  8:33  Overseer  
  108  8:43  Overlord  
  108  8:45  Drone  
  108  8:46  Drone x6, Extractor  
  108  8:47  Overlord x2  
  108  8:48  Extractor, Overlord  
  113  8:55  Overseer  
  113  8:58  Overlord  
  113  9:01  Queen  
  115  9:04  Extractor x2  
  115  9:09  Queen x2  
  113  9:13  Roach x6  
  127  9:37  Queen  
  129  9:44  Queen  
  131  9:50  Ravager x8  
  131  9:52  Hatchery  
  140  9:54  Zergling x8  
  140  9:55  Zergling x8  
  140  9:58  Overseer x2  
  148  10:10  Ravager x2  
  148  10:12  Queen  
  151  10:20  Queen, Lair  
  140  10:39  Zergling x20  
  138  10:43  Overlord x2  
  126  10:50  Zergling x12  
  126  10:51  Zergling x20  
  132  11:02  Drone x2  
  132  11:03  Drone x5  
  139  11:04  Queen  
  139  11:05  Queen  
  143  11:14  Hatchery  
  143  11:17  Queen  
  130  11:40  Infestation Pit, Queen  
  122  11:53  Queen  
  107  12:16  Queen  
  107  12:21  Overlord x3  
  103  12:25  Spore Crawler  
  103  12:26  Spore Crawler, Overlord x3  
  103  12:27  Spore Crawler  
  103  12:28  Spore Crawler  
  99  12:38  Pathogen Glands  
  99  12:40  Spore Crawler  
  99  12:41  Spore Crawler  
  97  12:44  Queen x2  
  100  12:51  Queen  
  95  13:16  Infestor x3  
  101  13:20  Queen  
  103  13:27  Queen  
  91  13:53  Overseer  
  91  14:18  Overlord x3  
  91  14:34  Neural Parasite  
  91  14:35  Overlord  
  91  14:36  Hatchery  
  90  14:49  Overlord x3  
  85  15:02  Overlord x3  
  83  15:16  Queen  
  83  15:18  Overlord  
  83  15:20  Queen  
  86  15:21  Infestor x3  
Show
View Real Time Build Order
Export as new Build Order

Hellraiser Protoss - Winner!

Build Orders:  

Get SALT Encoding   

  12  0:00  Probe  
  13  0:12  Probe  
  14  0:20  Pylon  
  14  0:24  Probe  
  15  0:38  Probe (Chrono Boost)  
  15  0:39  Gateway  
  16  0:47  Assimilator, Probe (Chrono Boost)  
  17  0:52  Probe  
  18  1:04  Probe  
  20  1:20  Gateway  
  20  1:26  Cybernetics Core  
  20  1:27  Zealot (Chrono Boost)  
  20  1:28  Pylon  
  21  1:38  Probe  
  22  1:47  Zealot (Chrono Boost)  
  24  1:55  Pylon  
  24  2:08  Adept (Chrono Boost)  
  22  2:15  Adept (Chrono Boost)  
  26  2:20  Nexus  
  26  2:23  Warp Gate  
  26  2:26  Probe  
  27  2:31  Assimilator  
  27  2:47  Twilight Council  
  27  2:50  Probe  
  28  2:54  Stalker  
  30  3:02  Pylon  
  30  3:11  Probe  
  31  3:19  Gateway  
  31  3:23  Probe (Chrono Boost)  
  31  3:26  Resonating Glaives (Chrono Boost)  
  32  3:33  Probe (Chrono Boost)  
  33  3:35  Probe (Chrono Boost)  
  34  3:42  Probe (Chrono Boost)  
  34  3:43  Probe (Chrono Boost)  
  34  3:48  Probe, Pylon  
  36  3:50  Probe  
  38  4:00  Probe  
  39  4:02  Probe  
  39  4:07  Gateway  
  40  4:14  Probe (Chrono Boost)  
  42  4:18  Adept x2  
  42  4:20  Probe (Chrono Boost)  
  42  4:22  Adept  
  48  4:25  Probe (Chrono Boost)  
  48  4:28  Probe (Chrono Boost)  
  50  4:31  Probe  
  51  4:44  Nexus  
  51  4:50  Adept x2  
  55  4:55  Probe x2  
  55  4:57  Adept  
  59  5:07  Probe x2  
  60  5:14  Nexus  
  61  5:19  Probe  
  62  5:22  Pylon  
  62  5:24  Pylon  
  62  5:26  Probe  
  61  5:31  Probe  
  61  5:34  Adept  
  62  5:36  Pylon  
  62  5:38  Probe  
  57  5:43  Probe  
  57  5:47  Adept  
  57  5:48  Adept x2  
  64  5:51  Probe  
  64  5:52  Assimilator  
  64  5:53  Assimilator  
  64  5:54  Stargate  
  64  5:55  Probe  
  60  5:57  Stargate  
  60  6:03  Shield Battery  
  60  6:04  Adept  
  60  6:08  Adept x2  
  60  6:10  Probe (Chrono Boost)  
  63  6:12  Adept  
  63  6:13  Probe (Chrono Boost)  
  66  6:22  Probe (Chrono Boost)  
  66  6:25  Adept, Probe (Chrono Boost)  
  70  6:28  Adept x2  
  70  6:29  Probe x2 (Chrono Boost)  
  70  6:32  Adept x2  
  75  6:37  Void Ray (Chrono Boost)  
  75  6:39  Void Ray (Chrono Boost)  
  74  6:43  Pylon  
  77  6:48  Probe  
  77  6:51  Dark Shrine  
  77  6:52  Probe  
  77  6:53  Probe  
  75  7:07  Adept x4  
  78  7:10  Assimilator  
  78  7:13  Void Ray (Chrono Boost)  
  78  7:14  Assimilator  
  82  7:17  Void Ray (Chrono Boost)  
  82  7:20  Protoss Air Weapons Level 1  
  82  7:24  Probe x3  
  82  7:29  Pylon  
  89  7:36  Probe  
  86  7:42  Probe x2  
  84  7:46  Void Ray (Chrono Boost), Forge  
  84  7:47  Shield Battery  
  84  7:48  Probe  
  84  7:50  Void Ray (Chrono Boost), Shield Battery  
  85  7:58  Adept x2  
  97  8:02  Shield Battery  
  97  8:04  Pylon  
  97  8:09  Dark Templar  
  97  8:11  Probe x2  
  101  8:13  Stargate  
  101  8:17  Adept  
  101  8:18  Adept  
  105  8:22  Probe  
  105  8:23  Pylon  
  106  8:33  Probe  
  106  8:34  Probe  
  108  8:35  Void Ray x2 (Chrono Boost)  
  108  8:40  Pylon x2  
  108  8:42  Pylon  
  116  8:50  Photon Cannon  
  116  8:51  Void Ray (Chrono Boost)  
  116  8:57  Photon Cannon  
  120  9:07  Adept x2  
  120  9:09  Void Ray (Chrono Boost)  
  124  9:11  Void Ray (Chrono Boost)  
  132  9:32  Protoss Ground Weapons Level 1  
  132  9:33  Fleet Beacon, Charge  
  132  9:36  Nexus  
  132  9:38  Pylon  
  132  9:47  Void Ray (Chrono Boost), Pylon  
  132  9:50  Pylon  
  132  9:52  Probe  
  133  9:57  Void Ray (Chrono Boost)  
  141  10:01  Photon Cannon, Void Ray (Chrono Boost)  
  141  10:04  Shield Battery  
  145  10:08  Probe  
  146  10:14  Probe  
  146  10:15  Gateway  
  147  10:21  Flux Vanes  
  147  10:23  Zealot x2  
  150  10:28  Probe  
  150  10:30  Void Ray (Chrono Boost)  
  150  10:32  Probe  
  150  10:33  Void Ray (Chrono Boost)  
  150  10:34  Probe  
  142  10:39  Protoss Air Weapons Level 2  
  142  10:40  Probe  
  134  10:44  Probe  
  134  10:46  Probe  
  134  10:47  Void Ray (Chrono Boost)  
  134  10:48  Probe  
  132  10:52  Probe  
  132  10:56  Probe  
  134  10:58  Probe  
  134  11:00  Probe  
  136  11:04  Void Ray (Chrono Boost), Probe  
  136  11:06  Assimilator  
  136  11:07  Shield Battery  
  136  11:08  Shield Battery  
  136  11:11  Assimilator, Probe  
  143  11:16  Probe  
  143  11:18  Void Ray  
  144  11:19  Probe  
  139  11:30  Shield Battery  
  139  11:31  Shield Battery  
  138  11:33  Photon Cannon  
  137  11:40  Void Ray x2, Pylon  
  137  11:41  Pylon  
  137  11:44  Photon Cannon  
  133  11:52  Probe  
  130  11:55  Void Ray  
  95  12:12  Probe  
  95  12:15  Probe  
  93  12:17  Void Ray  
  92  12:24  Probe  
  92  12:27  Probe  
  98  12:35  Nexus  
  98  12:36  Probe  
  99  12:40  Dark Templar x2  
  99  12:49  Pylon  
  99  12:50  Void Ray  
  98  12:54  Nexus  
  98  12:58  Void Ray  
  100  13:15  Nexus  
  98  13:24  Void Ray (Chrono Boost)  
  102  13:35  Void Ray (Chrono Boost)  
  102  13:40  Void Ray (Chrono Boost)  
  102  13:58  Void Ray (Chrono Boost)  
  102  14:09  Void Ray (Chrono Boost)  
  94  14:14  Probe  
  99  14:22  Shield Battery  
  99  14:28  Probe x2  
  101  14:32  Probe  
  102  14:40  Probe x2  
  104  14:46  Probe  
  104  14:52  Probe x2  
  107  14:58  Probe  
  108  15:04  Probe x2  
  110  15:10  Probe  
  111  15:16  Probe x2  
  113  15:22  Probe  
  118  15:28  Probe  
  118  15:33  Assimilator  
  119  15:35  Assimilator  
  107  15:51  Nexus  

Tags
 
Add a new tag
Caveats
  • Supply blocks, unpowered buildings, or Contaminate may cause inaccurate times.
  • Supply counts are checked every 10 seconds.